 Dungeon Crawl Stone Soup version 0.29.1-1-gd02db6906a (webtiles) character file.

Game seed: 11155161928800084053

283 LustLizard the Trooper (level 6, -8/48 HPs)
             Began as a Demonspawn Fighter on Oct 5, 2022.
             Mangled by an orc
             ... wielding a +1 hand axe of electrocution
              (14 damage)
             ... on level 3 of the Dungeon.
             The game lasted 00:03:04 (2154 turns).

LustLizard the Trooper (Demonspawn Fighter)         Turns: 2154, Time: 00:03:05

Health: -8/48      AC:  7    Str: 16    XL:     6   Next: 7%
Magic:  6/6        EV:  9    Int: 10    God:
Gold:   115        SH:  4    Dex: 11    Spells: 5/5 levels left

rFire   . . .      SeeInvis +   l - +6 war axe of Ru's Castigation {vorpal, rPois Dex-3 SInv}
rCold   . . .      Faith    .   c - +0 buckler
rNeg    . . .      Spirit   .   b - +0 scale mail
rPois   +          Reflect  .   (helmet restricted)
rElec   .          Harm     .   (no cloak)
rCorr   .          Rampage  .   (no gloves)
Will    .....                   (no boots)
Stlth   ..........              (no amulet)
HPRegen 0.16/turn               (no ring)
MPRegen 0.10/turn               (no ring)

@: no status effects
A: horns 1, powered by pain 1, sharp scales 1
a: no special abilities


You were on level 3 of the Dungeon.
You visited 1 branch of the dungeon, and saw 3 of its levels.

You collected 115 gold pieces.

Inventory:

Hand Weapons
 a - a +0 long sword
 l - the +6 war axe of Ru's Castigation (weapon) {vorpal, rPois Dex-3 SInv}
   (You found it on level 2 of the Dungeon)

   It inflicts extra damage upon your enemies.
   Dex:       It affects your dexterity (-3).
   rPois:     It protects you from poison.
   SInv:      It lets you see invisible.
Missiles
 j - 2 boomerangs (quivered)
Armour
 b - a +0 scale mail (worn)
 c - a +0 buckler (worn)
Jewellery
 m - the amulet "Nykout" {Harm Regen+ Str+4}
   (You found it on level 2 of the Dungeon)

   [amulet of regeneration]

   Str:       It affects your strength (+4).
   Regen:     It increases your rate of health regeneration.
   Harm:      It increases damage dealt and taken.
Scrolls
 f - 2 scrolls of vulnerability {unknown}
 g - a scroll of fear
 k - a scroll of enchant weapon {unknown}
 n - 2 scrolls of teleportation
 p - a scroll of identify {unknown}
Potions
 d - a potion of might
 e - a potion of heal wounds {unknown}
 h - a potion of ambrosia {unknown}
 i - a potion of mutation {unknown}
 o - a potion of curing {unknown}


   Skills:
 + Level 3.8 Fighting
 * Level 3.7 Long Blades
 + Level 3.4 Armour
 + Level 1.9 Dodging
 + Level 3.4 Shields


You had 5 spell levels left.
You didn't know any spells.
Your spell library was empty.

Dungeon Overview and Level Annotations

Branches:
Dungeon (3/15)

Altars:


Innate Abilities, Weirdness & Mutations

You have a pair of small horns on your head.
You sometimes gain a little power by taking damage.
You are partially covered in razor-sharp scales. (AC +1, Slay +1)


Message History

You kill the goblin!
Items here: ))) †††.
Items here: )))) †††.
Okay, then.
An orc wizard comes into view. It is wielding a +0 dagger.
The orc wizard shouts!
You hear a shout!
An orc comes into view.
It is wielding a +1 hand axe of electrocution.
An orc comes into view. It is wielding a +0 club.
An orc comes into view. It is wielding a +0 club.
The orc shouts!
You slash the orc wizard!
The orc wizard is severely wounded.
You hit the orc.
The orc wizard hits you but does no damage.
The orc hits you with a +1 hand axe of electrocution.
You are electrocuted!!
The orc wizard mumbles some strange words.
The orc wizard flickers and vanishes for a moment.
You hit the orc wizard.
You kill the orc wizard!
You closely miss the orc.
You have reached level 6!
You completely miss the orc. You headbutt the orc, but do no damage.
The orc barely misses you. x2; The orc hits you with a +0 club.
You slash the orc!
You kill the orc!
You closely miss the orc. You block the orc's attack.
You slash the orc!
You kill the orc!
The orc hits you with a +1 hand axe of electrocution.
You are electrocuted!
* * * LOW HITPOINT WARNING * * *
You closely miss the orc.
The orc is lightly wounded.
The orc hits you with a +1 hand axe of electrocution.
* * * LOW HITPOINT WARNING * * *
You closely miss the orc. Your headbutt misses the orc.
The orc is lightly wounded.
The orc hits you but does no damage.
You are electrocuted!
You die...

......# .......#...
.######## ......#
.......#..
.......<#
..#########.....#..
...######
..#.#.#.#.#.....#.#
..#.#.#.#)#.....#.#
.........)).....#.#
..#.#.#.#)#.......#
..#.#.#.#.##.#....#
..##############@.#
....# #....o).#
....# ......#....
....# ......###...#
....# ..... .###
....# ..... .#
...... .... .#
....## ...# #####


You could see an orc.

Vanquished Creatures
  Sigmund (D:2)
  An orc wizard (D:3)
  Robin (D:3)
  2 adders (D:2)
  2 dart slugs (D:3)
  2 orcs (D:3)
  2 bats (D:1)
  2 endoplasms
  2 giant cockroaches (D:1)
  11 goblins
  9 hobgoblins
  2 jackals (D:3)
  2 quokkas
  5 ball pythons
  5 frilled lizards
  7 kobolds
  3 rats
59 creatures vanquished.

Notes
Turn   | Place    | Note
-------+----------+-------------------------------------------
     0 | D:1      | LustLizard the Demonspawn Fighter began the quest for the
                  | Orb.
     0 | D:1      | Reached XP level 1. HP: 18/18 MP: 1/1
   394 | D:1      | Gained mutation: You sometimes gain a little power by
                  | taking damage. [demonic ancestry]
   394 | D:1      | Reached XP level 2. HP: 24/24 MP: 2/2
   535 | D:1      | Found a faded altar of an unknown god.
   866 | D:2      | Reached XP level 3. HP: 27/29 MP: 3/3
  1187 | D:2      | Identified the +6 war axe of Ru's Castigation {vorpal,
                  | rPois Dex-3 SInv}
  1266 | D:2      | Noticed Sigmund
  1277 | D:2      | Killed Sigmund
  1278 | D:2      | Reached skill level 1 in Dodging
  1278 | D:2      | Gained mutation: You have a pair of small horns on your
                  | head. [demonic ancestry]
  1278 | D:2      | Reached XP level 4. HP: 31/37 MP: 4/4
  1278 | D:2      | Gained mutation: You are partially covered in razor-sharp
                  | scales. (AC +1, Slay +1) [demonic ancestry]
  1278 | D:2      | Reached XP level 5. HP: 35/42 MP: 5/5
  1337 | D:2      | Identified the amulet "Nykout" {Harm Regen+ Str+4}
  2031 | D:3      | Noticed Robin
  2042 | D:3      | Killed Robin
  2150 | D:3      | Reached XP level 6. HP: 21/48 MP: 6/6
  2154 | D:3      | Mangled by an orc

Illustrated notes

Levels and vault maps discovered:
D:1:      roderic_chinese_lattice_arrival, layout_basic,
          shapermc_ecumenical_altar_flowoftime
D:2:      layout_loops_ring, uniq_sigmund
D:3:      cheibrodos_pilgrimage, layout_basic, minmay_misc_feat_hallway,
          minmay_misc_feat_plants, uniq_robin

Skill      XL: |  1  2  3 |
---------------+----------+-----
Long Blades    | 2 3 |  3.7
Armour         | 3 |  3.4
Dodging        | 1 |  1.9
Shields        | 3 |  3.4
Fighting       | |  3.8

Action                   |  1- 3 |  4- 6 || total
-------------------------+-------+-------++-------
Melee: Long sword        |    85 |       ||    85
       War axe           |     9 |    52 ||    61
       Headbutt          |       |     7 ||     7
  Use: Scroll            |     1 |     1 ||     2
Armor: Scale mail        |    44 |    24 ||    68
Dodge: Dodged            |    48 |    25 ||    73
Block: Buckler           |    16 |    17 ||    33
